 Dungeon Crawl Stone Soup version 0.31-a0-151-ge443d1f16c (webtiles) character file.

Game seed: 17065049387460253875

4564 qw the Skirmisher (level 10, -5/64 HPs)
             Began as a Gargoyle Hunter on June 8, 2023.
             Was an Elder of Okawaru.
             Slain by a death yak (16 damage)
             ... on level 8 of the Dungeon.
             The game lasted 00:02:52 (6797 turns).

qw the Skirmisher (Gargoyle Hunter)                 Turns: 6797, Time: 00:02:53

Health: -5/64      AC: 30    Str: 16    XL:     10   Next: 40%
Magic:  7/13       EV: 21    Int: 13    God:    Okawaru [****..]
Gold:   118        SH:  0    Dex: 19    Spells: 9/9 levels left

rFire   . . .        Y - +3 shortbow (freeze)
rCold   . . .        (shield currently unavailable)
rNeg    + . .        n - +4 ring mail
rPois   inf          h - +0 helmet
rElec   +            c - +3 cloak "Oghuopn" {Int+4 Dex+2}
rCorr   .            (no gloves)
SInv    .            a - +1 pair of boots
Will    .....        g - amulet of faith
Stlth   +++          d - +4 ring of protection
HPRegen 0.30/turn    b - +5 ring of evasion
MPRegen 0.13/turn

%: faith
@: about to teleport, heroic, finesse-ful
A: sickness immunity, AC +7, negative energy resistance 1, electricity
resistance, torment resistance 1, petrification resistance
a: Renounce Religion, Heroism, Finesse


You were on level 8 of the Dungeon.
You worshipped Okawaru.
Okawaru was greatly pleased with you.
You visited 2 branches of the dungeon, and saw 9 of its levels.
You visited the Abyss 1 time.

You collected 365 gold pieces.
You spent 247 gold pieces at shops.


Innate Abilities, Weirdness & Mutations

You are immune to sickness and miasma.
Your stone body is resilient. (AC +7)
You are immune to poison.
You resist negative energy. (rN+)
You are resistant to electric shocks. (rElec)
You are resistant to unholy torment.
You are immune to petrification.


   Skills:
 - Level 8.2(13.2) Fighting
 + Level 11.2(16.2) Ranged Weapons
 - Level 4.6(9.6) Armour
 - Level 4.0(9.0) Dodging
 - Level 1.1(6.1) Stealth
 + Level 5.0 Invocations


You had 9 spell levels left.
You didn't know any spells.
Your spell library was empty.

Inventory:

Hand Weapons
 Y - a +3 shortbow of freezing (weapon)
Armour
 a - a +1 pair of boots (worn)
 c - the +3 cloak "Oghuopn" (worn) {Int+4 Dex+2}
   (You acquired it on level 3 of the Dungeon)

   Int:       It affects your intelligence (+4).
   Dex:       It affects your dexterity (+2).
 h - a +0 helmet (worn)
 n - a +4 ring mail (worn)
Jewellery
 b - a +5 ring of evasion (right hand)
 d - a +4 ring of protection (left hand)
 g - an amulet of faith (around neck)
Scrolls
 e - 4 scrolls of identify
 i - a scroll of teleportation
Potions
 f - 2 potions of mutation
 j - 2 potions of curing
 k - a potion of resistance
 m - a potion of cancellation
 q - 2 potions of might

Dungeon Overview and Level Annotations

Branches:
Dungeon (8/15)             Temple (1/1) D:7
   Lair: D:8-11

Altars:
Ashenzari
Dithmenos
Elyvilon
Fedhas
Gozag
Hepliaklqana
Kikubaaqudgha
Makhleb
Okawaru
Qazlal
Ru
Sif Muna
Trog
Uskayaw
Vehumet
Wu Jian
Xom
Yredelemnul
Zin
The Shining One

Shops:
D:5 =   D:6 ?

Annotations:
D:2 1 runed translucent door, Crazy Yiuf


Message History

The arrow hits the death yak but does no damage.
The death yak is moderately wounded.
The death yak completely misses you. The rat bites you but does no damage.
A rat comes into view.
The hell rat misses you.
You shoot an arrow.
The arrow hits the death yak but does no damage.
The death yak is moderately wounded.
A quokka comes into view.
You shoot an arrow.
The arrow hits the death yak but does no damage.
The death yak is moderately wounded.
The hell rat misses you. The death yak closely misses you.
You shoot an arrow. The arrow hits the death yak.
The arrow freezes the death yak.
The death yak is moderately wounded.
You shoot an arrow. The arrow hits the death yak.
The arrow freezes the death yak.
The death yak is moderately wounded.
You shoot an arrow. The arrow barely misses the death yak.
The arrow hits the rat.
The arrow freezes the rat.
The rat is severely wounded.
The hell rat bites you! The death yak closely misses you.
6795 ||| READING 2 scrolls of teleportation.
As you read the scroll of teleportation, it crumbles to dust.
You feel strangely unstable. The hell rat completely misses you.
The hell rat bites you but does no damage.
A quokka comes into view.
The quokka twitches its whiskers.
The death yak completely misses you.
You shoot an arrow. The arrow hits the death yak!
The arrow freezes the death yak.
The death yak is heavily wounded.
The hell rat misses you. The hell rat barely misses you.
You shoot an arrow. The arrow hits the death yak.
The arrow freezes the death yak.
The death yak is severely wounded.
The death yak gores you!
You die...

.............##
..............##
...............#
...............#
...............#
...............#
..............##
#.?/..........##########
##..............@Yr"....
#..............rrr#...#
#.##############r#.....
##.# .# .... #..# r# ..#
...# .. #. ...# ## .#.#
....#


You could see a death yak, 2 hell rats, 2 quokkas and 2 rats.

Vanquished Creatures
  2 death yaks (D:8)
  A death drake (Abyss:3)
  A wizard (D:7)
  A troll (D:6)
  A wyvern (D:8)
  A large abomination (D:7)
  An ice beast (D:5)
  2 black bears (D:7)
  2 sky beasts (D:7)
  An ogre (D:5)
  A centaur (D:6)
  3 bullfrogs (D:7)
  A scorpion (D:4)
  4 killer bees (D:7)
  4 hounds
  4 sleepcaps
  An orc priest (D:3)
  A jelly (D:6)
  2 iguanas (D:6)
  An orc wizard (D:7)
  Robin (D:2)
  5 adders
  A river rat (D:8)
  2 shadow imps
  2 worms
  A dart slug (D:5)
  15 orcs
  8 endoplasms
  3 giant cockroaches
  8 goblins
  9 hobgoblins
  7 jackals
  9 kobolds
  A quokka (D:1)
  5 ball pythons
  8 bats
  A frilled lizard (D:2)
  7 rats
128 creatures vanquished.

Vanquished Creatures (others)
  A wizard (D:7)
1 creature vanquished.

Grand Total: 129 creatures vanquished

Notes
Turn   | Place    | Note
-------+----------+-------------------------------------------
     0 | D:1      | qw the Gargoyle Hunter began the quest for the Orb.
     0 | D:1      | Reached XP level 1. HP: 12/12 MP: 1/1
     0 | D:1      | 0 ||| qw: Version: 0.2-a-120-gdf1a93b
     0 | D:1      | 0 ||| qw: Game counter: 3086
     0 | D:1      | 0 ||| qw: Always use a shield: true
     0 | D:1      | 0 ||| qw: God list: Okawaru
     0 | D:1      | 0 ||| qw: Allow faded altars: false
     0 | D:1      | 0 ||| qw: Do Orc after D:15 true
     0 | D:1      | 0 ||| qw: Do second Lair branch before Depths: true
     0 | D:1      | 0 ||| qw: Lair rune preference: random
     0 | D:1      | 0 ||| qw: Plans: Normal
     0 | D:1      | 0 ||| PLANNING D:1-11
   160 | D:1      | Reached XP level 2. HP: 17/17 MP: 2/2
   726 | D:1      | 726 ||| UPGRADING to amulet of faith.
   731 | D:1      | 731 ||| READING 3 scrolls labelled ATHYOKH YKAUNUCE.
   732 | D:1      | 732 ||| READING scroll labelled LAMYTH WUINYAS.
   733 | D:1      | 733 ||| DROPPING 2 scrolls of fog.
   734 | D:1      | 734 ||| DROPPING scroll of butterflies.
   810 | D:2      | Reached XP level 3. HP: 21/21 MP: 3/3
   910 | D:2      | Reached skill level 5 in Ranged Weapons
  1066 | D:2      | Noticed Robin
  1078 | D:2      | Killed Robin
  1209 | D:2      | Reached skill level 3 in Fighting
  1209 | D:2      | Reached XP level 4. HP: 28/28 MP: 4/4
  1650 | D:2      | Found a runed translucent door.
  1651 | D:2      | Noticed Crazy Yiuf
  1678 | D:2      | 1678 ||| UPGRADING to +1 pair of boots.
  1683 | D:2      | 1683 ||| UPGRADING to +0 helmet.
  1688 | D:2      | 1688 ||| DROPPING ring of magical power.
  1689 | D:2      | 1689 ||| READING scroll labelled REINWE NOMAEKH.
  1690 | D:2      | 1690 ||| READING 3 scrolls labelled YLAEMU DOINEID.
  1691 | D:2      | 1691 ||| READING scroll labelled ZAACZU OQYPOWN.
  1811 | D:2      | 1811 ||| READING scroll labelled DEHASU NITTIE.
  1812 | D:2      | 1812 ||| READING 2 scrolls of identify.
  1812 | D:2      | 1812 ||| IDENTIFYING sedimented pink potion
  2022 | D:3      | Found a glowing golden altar of the Shining One.
  2214 | D:3      | Reached skill level 1 in Armour
  2222 | D:3      | Reached XP level 5. HP: 20/32 MP: 5/5
  2223 | D:3      | 2223 ||| FLEEEEING.
  2224 | D:3      | 2224 ||| FLEEEEING.
  2225 | D:3      | 2225 ||| FLEEEEING.
  2226 | D:3      | 2226 ||| FLEEEEING.
  2230 | D:3      | 2230 ||| FLEEEEING.
  2231 | D:3      | 2231 ||| FLEEEEING.
  2232 | D:3      | 2232 ||| FLEEEEING.
  2233 | D:3      | 2233 ||| FLEEEEING.
  2234 | D:3      | 2234 ||| FLEEEEING.
  2250 | D:3      | 2250 ||| FLEEEEING.
  2797 | D:3      | 2797 ||| UPGRADING to +0 ring mail.
  2807 | D:3      | 2807 ||| DROPPING +0 leather armour.
  2808 | D:3      | 2808 ||| READING scroll labelled VESHRY UJ IMIUCUM.
  2808 | D:3      | Identified a scroll of acquirement
  2808 | D:3      | 2808 ||| ACQUIRING +3 cloak "Oghuopn" {Int+4 Dex+2}
  2808 | D:3      | Acquired the +3 cloak "Oghuopn" {Int+4 Dex+2}
  2810 | D:3      | 2810 ||| UPGRADING to +3 cloak "Oghuopn" {Int+4 Dex+2}.
  2815 | D:3      | 2815 ||| READING scroll labelled ODULEF IM EHI.
  2816 | D:3      | 2816 ||| READING scroll labelled MOETEL SAERCH.
  2817 | D:3      | 2817 ||| READING 4 scrolls of identify.
  2817 | D:3      | 2817 ||| IDENTIFYING fizzy orange potion
  2818 | D:3      | 2818 ||| READING 3 scrolls of identify.
  2818 | D:3      | 2818 ||| IDENTIFYING smoky yellow potion
  2819 | D:3      | 2819 ||| READING 2 scrolls of identify.
  2819 | D:3      | 2819 ||| IDENTIFYING yellow potion
  2820 | D:3      | 2820 ||| DROPPING potion of brilliance.
  2821 | D:3      | 2821 ||| DROPPING potion of lignification.
  2822 | D:3      | 2822 ||| DROPPING potion of ambrosia.
  2909 | D:4      | Reached skill level 6 in Ranged Weapons
  3063 | D:4      | Reached XP level 6. HP: 37/37 MP: 6/6
  3366 | D:4      | Identified the +7 hand axe of the Final Chapter {heavy,
                  | *Corrode Int+3 Dex+2 SInv}
  3824 | D:4      | 3824 ||| DROPPING amulet of magic regeneration.
  3837 | D:5      | Entered Level 5 of the Dungeon
  3897 | D:5      | 3897 ||| FLEEEEING.
  3899 | D:5      | 3899 ||| FLEEEEING.
  3900 | D:5      | 3900 ||| FLEEEEING.
  3901 | D:5      | 3901 ||| FLEEEEING.
  3902 | D:5      | 3902 ||| FLEEEEING.
  3903 | D:5      | 3903 ||| FLEEEEING.
  3954 | D:5      | Noticed an ice beast
  3969 | D:5      | Killed an ice beast
  4002 | D:5      | Found a broken altar of Ashenzari.
  4022 | D:5      | Reached XP level 7. HP: 44/44 MP: 7/7
  4096 | D:5      | Found Bosoppaog's Jewellery Shop.
  4122 | D:5      | 4122 ||| SHOPLISTING +4 ring of protection (504 gold, have
                  | 207).
  4122 | D:5      | 4122 ||| SHOPLISTING +5 ring of evasion (504 gold, have
                  | 207).
  4122 | D:5      | 4122 ||| SHOPLISTING amulet of Anahuupp {+Inv Regen+ Int-5
                  | Slay+6} (821 gold, have 207).
  4122 | D:5      | 4122 ||| SHOPLISTING ring of ice (350 gold, have 207).
  4122 | D:5      | 4122 ||| SHOPLISTING ring of protection from fire (350
                  | gold, have 207).
  4122 | D:5      | 4122 ||| SHOPLISTING ring of willpower (350 gold, have
                  | 207).
  4479 | D:5      | 4479 ||| UPGRADING to +4 ring mail.
  4489 | D:5      | 4489 ||| DROPPING +0 ring mail.
  4490 | D:5      | 4490 ||| DROPPING +6 ring of intelligence.
  4491 | D:5      | 4491 ||| READING 2 scrolls labelled ILO JOUXIQUCS.
  4492 | D:5      | 4492 ||| DRINKING 2 viscous ruby potions.
  4493 | D:5      | 4493 ||| READING 3 scrolls of identify.
  4493 | D:5      | 4493 ||| IDENTIFYING fizzy pink potion
  4494 | D:5      | 4494 ||| READING 2 scrolls of identify.
  4494 | D:5      | 4494 ||| IDENTIFYING lumpy clear potion
  4495 | D:5      | 4495 ||| DROPPING potion of degeneration.
  4496 | D:5      | 4496 ||| DROPPING scroll of magic mapping.
  4514 | D:6      | Reached skill level 7 in Ranged Weapons
  4792 | D:6      | Found Arphoasm's Magic Scroll Boutique.
  4798 | D:6      | 4798 ||| SHOPLISTING 2 scrolls of acquirement (1144 gold,
                  | have 251).
  4798 | D:6      | 4798 ||| BUYING scroll of brand weapon (104 gold).
  4798 | D:6      | Bought a scroll of brand weapon for 104 gold pieces
  4798 | D:6      | 4798 ||| BUYING scroll of identify (22 gold).
  4798 | D:6      | Bought a scroll of identify for 22 gold pieces
  4798 | D:6      | 4798 ||| BUYING scroll of identify (22 gold).
  4798 | D:6      | Bought a scroll of identify for 22 gold pieces
  4798 | D:6      | 4798 ||| BUYING scroll of identify (22 gold).
  4798 | D:6      | Bought a scroll of identify for 22 gold pieces
  4798 | D:6      | 4798 ||| BUYING scroll of identify (22 gold).
  4798 | D:6      | Bought a scroll of identify for 22 gold pieces
  4798 | D:6      | 4798 ||| BUYING scroll of identify (22 gold).
  4798 | D:6      | Bought a scroll of identify for 22 gold pieces
  4798 | D:6      | 4798 ||| BUYING scroll of teleportation (33 gold).
  4798 | D:6      | Bought a scroll of teleportation for 33 gold pieces
  4798 | D:6      | 4798 ||| READING scroll of brand weapon.
  4798 | D:6      | 4798 ||| BRANDING +0 shortbow.
  4897 | D:6      | Noticed a troll
  4910 | D:6      | Killed a troll
  4911 | D:6      | Reached skill level 8 in Ranged Weapons
  4911 | D:6      | Reached XP level 8. HP: 29/48 MP: 8/8
  5123 | D:6      | 5123 ||| UPGRADING to +4 ring of protection.
  5124 | D:6      | 5124 ||| DRINKING 2 grey potions.
  5125 | D:6      | 5125 ||| READING 6 scrolls of identify.
  5125 | D:6      | 5125 ||| IDENTIFYING smoky green potion
  5126 | D:6      | 5126 ||| READING 5 scrolls of identify.
  5126 | D:6      | 5126 ||| IDENTIFYING smoky puce potion
  5127 | D:6      | 5127 ||| READING 4 scrolls of identify.
  5127 | D:6      | 5127 ||| IDENTIFYING puce potion
  5128 | D:6      | 5128 ||| DROPPING potion of enlightenment.
  5245 | D:7      | Found a staircase to the Ecumenical Temple.
  5246 | D:7      | 5246 ||| PLANNING TEMPLE
  5253 | Temple   | Entered the Ecumenical Temple
  5313 | Temple   | 5313 ||| PLANNING OKAWARU WORSHIP
  5551 | Temple   | Became a worshipper of Warmaster Okawaru
  5551 | Temple   | 5551 ||| PLANNING D:1-11
  5626 | D:7      | 5626 ||| Stepping ~*~*~tactically~*~*~ (outnumbered).
  5639 | D:7      | 5639 ||| DRINKING 2 potions of curing.
  5639 | D:7      | 5639 ||| (to cure confusion)
  5662 | D:7      | HP: 10/49 [killer bee (5)]
  5663 | D:7      | 5663 ||| READING 2 scrolls of teleportation.
  5664 | D:7      | 5664 ||| DRINKING potion of heal wounds.
  5667 | D:7      | Found a bloodstained altar of Trog.
  5668 | D:7      | 5668 ||| FLEEEEING.
  5669 | D:7      | 5669 ||| FLEEEEING.
  5670 | D:7      | 5670 ||| FLEEEEING.
  5671 | D:7      | 5671 ||| FLEEEEING.
  5672 | D:7      | 5672 ||| FLEEEEING.
  5682 | D:7      | Reached skill level 9 in Ranged Weapons
  5690 | D:7      | Reached skill level 3 in Armour
  5749 | D:7      | Reached * piety under Okawaru
  5788 | D:7      | Reached skill level 1 in Invocations
  5863 | D:7      | Reached skill level 6 in Fighting
  5921 | D:7      | Noticed a wizard
  5923 | Abyss:3  | Cast into level 3 of the Abyss (a wizard)
  5999 | Abyss:3  | Noticed a death drake
  6038 | Abyss:3  | Killed a death drake
  6038 | Abyss:3  | Reached ** piety under Okawaru
  6039 | Abyss:3  | Reached XP level 9. HP: 40/55 MP: 9/12
  6041 | D:7      | Escaped the Abyss
  6042 | D:7      | 6042 ||| INVOKING Heroism.
  6043 | D:7      | Noticed a wizard
  6046 | D:7      | 6046 ||| Stepping ~*~*~tactically~*~*~ (outnumbered).
  6056 | D:7      | Reached skill level 10 in Ranged Weapons
  6066 | D:7      | Killed a wizard
  6066 | D:7      | Reached *** piety under Okawaru
  6656 | D:7      | Killed a wizard
  6684 | D:7      | 6684 ||| DROPPING +2 cloak of poison resistance.
  6685 | D:7      | 6685 ||| UPGRADING to +5 ring of evasion.
  6686 | D:7      | 6686 ||| READING 3 scrolls labelled SESUBAG HUYK.
  6687 | D:7      | 6687 ||| READING 2 scrolls of enchant weapon.
  6687 | D:7      | 6687 ||| ENCHANTING +1 shortbow of freezing.
  6688 | D:7      | 6688 ||| READING scroll of enchant weapon.
  6688 | D:7      | 6688 ||| ENCHANTING +2 shortbow of freezing.
  6712 | D:8      | Reached XP level 10. HP: 59/64 MP: 13/13
  6756 | D:8      | Noticed a death yak
  6757 | D:8      | 6757 ||| INVOKING Heroism.
  6760 | D:8      | Noticed a death yak
  6768 | D:8      | Noticed a death yak
  6769 | D:8      | Killed a death yak
  6769 | D:8      | Reached **** piety under Okawaru
  6770 | D:8      | Reached skill level 11 in Ranged Weapons
  6782 | D:8      | Killed a death yak
  6782 | D:8      | Reached ***** piety under Okawaru
  6783 | D:8      | 6783 ||| INVOKING Heroism.
  6784 | D:8      | 6784 ||| INVOKING Finesse.
  6794 | D:8      | HP: 11/64 [hell rat (13)]
  6795 | D:8      | 6795 ||| READING 2 scrolls of teleportation.
  6797 | D:8      | Slain by a death yak

Levels and vault maps discovered:
D:1:      dpeg_arrival_boxes_within_box, layout_basic
D:2:      layout_loops_ring, uniq_crazy_yiuf_cottage, uniq_robin
D:3:      layout_basic, tso_metal_star, minmay_misc_feat_chi
D:4:      layout_basic
D:5:      layout_basic, cheibrodos_ashenzari_chains, serial_shops,
          nicolae_shop_tiny_waterfront
D:6:      layout_rooms, serial_shops, kennysheep_little_box
D:7:      cheibrodos_wizards_tower, layout_basic, trog_ov_bears_minmay,
          minmay_temple_entry_butterflies
D:8:      layout_cave_pods, nemelex_diamond_rough_becter, dpeg_lair_monsters,
          uniq_maurice
Temple:   minmay_temple_bridge_d

Skill      XL: |  1  2  3  4  5  6  7  8  9 10 |
---------------+-------------------------------+-----
Ranged Weapons | 5 6 8 9 10 11 | 11.2
Fighting       | 3 4 6 8 |  8.2
Armour         | 1 2 3 4 |  4.6
Dodging        | 2 4 |  4.0
Invocations    | 4 5 |  5.0
Stealth        | |  1.1

Action                     |  1- 3 |  4- 6 |  7- 9 | 10-12 || total
---------------------------+-------+-------+-------+-------++-------
   Fire: Shortbow          |   120 |   179 |   317 |    41 ||   657
 Invoke: Heroism           |       |       |     1 |     2 ||     3
         Finesse           |       |       |       |     1 ||     1
    Use: Scroll            |     2 |    11 |    11 |     1 ||    25
         Potion            |       |       |     4 |       ||     4
 Armour: Leather armour    |    30 |    14 |       |       ||    44
         Ring mail         |       |    20 |   210 |    12 ||   242
  Dodge: Dodged            |    33 |    49 |   159 |    35 ||   276

Table legend:
 A = Non-vault XP
 B = Vault XP
 C = Vault XP percentage of total XP
 D = Non-vault monster count
 E = Vault monster count
 F = Vault count percentage of total count
                 A         B        C        D         E       F
            +---------+---------+-------+---------+---------+-------
      Total |    3418 |    3103 |  47.6 |     114 |      15 |  11.6
            +---------+---------+-------+---------+---------+-------
        D:1 |      33 |       0 |   0.0 |      21 |       0 |   0.0
        D:2 |      55 |      28 |  33.7 |      18 |       8 |  30.8
        D:3 |      80 |       0 |   0.0 |      21 |       0 |   0.0
        D:4 |     154 |       0 |   0.0 |      10 |       0 |   0.0
        D:5 |     345 |       0 |   0.0 |      11 |       0 |   0.0
        D:6 |     626 |       0 |   0.0 |      12 |       0 |   0.0
        D:7 |    1118 |    1418 |  55.9 |      17 |       4 |  19.0
        D:8 |     257 |    1657 |  86.6 |       3 |       3 |  50.0
    Abyss:3 |     750 |       0 |   0.0 |       1 |       0 |   0.0
            +---------+---------+-------+---------+---------+-------
